 Dungeon Crawl Stone Soup version 0.29-a0-541-gaf1fc19f1b (webtiles) character file.

Game seed: 7307648046439659793

261 testman the Grave Robber (level 6, -1/41 HPs)
             Began as a Human Necromancer on June 2, 2022.
             Slain by Pargi (3 damage)
             ... on level 3 of the Dungeon.
             The game lasted 00:12:37 (2882 turns).

testman the Grave Robber (Human Necromancer)        Turns: 2882, Time: 00:12:38

Health: -1/41      AC:  3    Str:  8    XL:     6   Next: 42%
Magic:  3/10       EV: 12    Int: 17    God:
Gold:   127        SH:  0    Dex: 14    Spells: 3/11 levels left

rFire   . . .      SeeInvis .   o - +3 trident
rCold   . . .      Faith    .   (no shield)
rNeg    . . .      Spirit   .   a - +0 robe
rPois   .          Reflect  .   k - +0 helmet
rElec   .          Harm     .   (no cloak)
rCorr   .          Rampage  .   (no gloves)
Will    .....                   (no boots)
Stlth   ++........              (no amulet)
HPRegen 0.13/turn               (no ring)
MPRegen 0.12/turn               (no ring)

@: animating dead
A: no striking features
a: no special abilities


You were on level 3 of the Dungeon.
You visited 1 branch of the dungeon, and saw 3 of its levels.

You collected 127 gold pieces.

Inventory:

Hand Weapons
 f - a +0 short sword
 o - a +3 trident (weapon)
Armour
 a - a +0 robe (worn)
 c - an orb of light
 k - a +0 helmet (worn)
Scrolls
 b - a scroll of teleportation {unknown}
 e - 2 scrolls of poison {unknown}
 g - 2 scrolls of vulnerability {unknown}
 h - 3 scrolls of identify {unknown}
 i - 2 scrolls of magic mapping {unknown}
 l - a scroll of blinking {unknown}
 m - 2 scrolls of noise {unknown}
 q - a scroll of torment {unknown}
 r - a scroll of summoning {unknown}
 u - a scroll of enchant armour {unknown}
 v - a scroll of enchant weapon {unknown}
Potions
 d - a potion of cancellation
 j - a potion of degeneration {unknown}
 n - a potion of might {unknown}
 p - a potion of curing
 s - a potion of lignification {unknown}
 t - a potion of attraction {unknown}


   Skills:
 - Level 2.3 Dodging
 - Level 2.3 Stealth
 - Level 3.0 Spellcasting
 + Level 6.5 Necromancy


You had 3 spell levels left.
You knew the following spells:

 Your Spells              Type           Power      Damage    Failure   Level
a - Necrotize             Necr           96%        1d8       1%          1
b - Vampiric Draining     Necr           24%        2d7       3%          3
c - Animate Dead          Necr           24%        N/A       12%         4

Your spell library contained the following spells:

 Spells                   Type           Power      Damage    Failure   Level
 Call Canine Familiar     Summ           2%         N/A       45%         3
 Portal Projectile        Hex/Tloc       4%         N/A       45%         3
 Tukima's Dance           Hex            2%         N/A       45%         3
 Agony                    Necr           24%        N/A       32%         5
 Leda's Liquefaction      Hex/Erth       1%         N/A       86%         4
 Blade Hands              Tmut           1%         N/A       99%         5


Dungeon Overview and Level Annotations

Branches:
Dungeon (3/15)

Altars:

Annotations:
D:3 Pargi


Message History

It was a potion of curing.
You feel better. Pargi bites you but does no damage. Pargi barely misses you.
Pargi closely misses you.
Your giant cockroach zombie closely misses Pargi.
You puncture Pargi!
Pargi is severely wounded.
Pargi barely misses you. Pargi claws you but does no damage.
Pargi barely misses you.
Your giant cockroach zombie bites Pargi.
Your endoplasm zombie closely misses Pargi.
Pargi closely misses you. Pargi claws you. x2
* * * LOW HITPOINT WARNING * * *
Your giant cockroach zombie bites Pargi.
Your endoplasm zombie hits Pargi.
Pargi hisses, "I bite!"
There is an open door here.
You barely miss Pargi.
Pargi is severely wounded.
Your endoplasm zombie hits Pargi.
Pargi barely misses you. Pargi claws you but does no damage.
Pargi closely misses you.
Your giant cockroach zombie barely misses Pargi.
You hit Pargi.
Pargi is severely wounded.
Your endoplasm zombie hits Pargi.
Pargi barely misses you. Pargi claws you but does no damage. Pargi misses you.
Your giant cockroach zombie bites Pargi.
You completely miss Pargi.
Pargi is almost dead.
Pargi bites you.
* * * LOW HITPOINT WARNING * * *
Pargi claws you.
* * * LOW HITPOINT WARNING * * *
Pargi claws you but does no damage.
Your giant cockroach zombie bites Pargi but does no damage.
Your endoplasm zombie closely misses Pargi.
You closely miss Pargi.
Pargi is severely wounded.
Pargi barely misses you. Pargi claws you.
* * * LOW HITPOINT WARNING * * *
Pargi claws you.
You die...

#.########...........
######### #.#..##.#.....
≈≈§≈§≈≈§# ##.......#.....
.§..≈§≈≈# #....÷##.#.....
.....≈≈≈# #..##....#(.###
.≈....§≈#....##.####.....
≈.§≈...≈###.........##.##
...§..Z§###.#.###...##.##
$≈$.§.ZT@.#.....#...##..#
.[.≈...§#...#####...##...
§.§≈...≈###.........##...
§≈....≈≈# ##........'..#.
..§.§§≈≈# #........##.#.
...§≈§≈§# #.............
≈≈≈≈≈≈§≈# #......#######
######### #......#
#......#


You could see Pargi (ally target), a friendly endoplasm zombie and a friendly
giant cockroach zombie.

Vanquished Creatures
  Sigmund (D:2)
  Robin (D:3)
  2 worms (D:2)
  3 dart slugs
  5 ball pythons
  7 bats
  3 endoplasms
  A giant cockroach (D:2)
  15 goblins
  5 hobgoblins
  5 jackals
  3 quokkas
  4 frilled lizards
  3 rats
58 creatures vanquished.

Vanquished Creatures (collateral kills)
  A giant cockroach (D:3)
  A hobgoblin (D:1)
  A jackal (D:3)
  A ball python (D:1)
  A frilled lizard (D:1)
  A kobold (D:1)
6 creatures vanquished.

Grand Total: 64 creatures vanquished

Notes
Turn   | Place    | Note
-------+----------+-------------------------------------------
     0 | D:1      | testman the Human Necromancer began the quest for the Orb.
     0 | D:1      | Reached XP level 1. HP: 13/13 MP: 3/3
   333 | D:1      | Reached XP level 2. HP: 13/19 MP: 1/5
   925 | D:1      | Reached XP level 3. HP: 24/24 MP: 6/6
   931 | D:1      | Learned a level 3 spell: Vampiric Draining
  1709 | D:2      | You fall into a shaft and drop 1 floor!
  1724 | D:3      | Noticed Robin
  1748 | D:3      | Reached XP level 4. HP: 27/30 MP: 1/8
  1764 | D:3      | Killed Robin
  2077 | D:3      | Learned a level 4 spell: Animate Dead
  2216 | D:2      | Noticed Sigmund
  2231 | D:2      | Killed Sigmund
  2232 | D:2      | Reached skill level 6 in Necromancy
  2232 | D:2      | Reached XP level 5. HP: 34/35 MP: 9/9
  2232 | D:2      | Reached XP level 6. HP: 39/41 MP: 10/10
  2856 | D:3      | Noticed Pargi
  2882 | D:3      | HP: 2/41 [Pargi (1)]
  2882 | D:3      | Slain by Pargi

Illustrated notes

Levels and vault maps discovered:
D:1:      dpeg_arrival_orchard, layout_basic, feat_on_display
D:2:      layout_basic, chequers_serial_rivers_micro_e, uniq_sigmund
D:3:      layout_basic, kennysheep_generic_room_2, uniq_robin, uniq_pargi

Skill      XL: |  1  2  3  4 |
---------------+-------------+-----
Spellcasting   | 3 |  3.0
Necromancy     | 6 |  6.5
Dodging        | |  2.3
Stealth        | |  2.3

Action                   |  1- 3 |  4- 6 || total
-------------------------+-------+-------++-------
Melee: Unarmed           |    35 |       ||    35
       Short sword       |    12 |       ||    12
       Trident           |    13 |    59 ||    72
       Spear             |     6 |       ||     6
       Punch             |       |     1 ||     1
 Cast: Necrotize         |    44 |    11 ||    55
       Vampiric Draining |     3 |     1 ||     4
       Animate Dead      |       |     1 ||     1
  Use: Potion            |     3 |     1 ||     4
 Stab: Sleeping          |     4 |       ||     4
Armor: Robe              |    23 |    20 ||    43
Dodge: Dodged            |    52 |    56 ||   108

Table legend: (Time is in decaauts)
 A = Elapsed time spent in this place.
 B = Non-inter-level travel time spent in this place.
 C = Inter-level travel time spent in this place.
 D = Time resting spent in this place.
 E = Time spent auto-exploring this place.
 F = Levels seen in this place.
 G = Mean time per level.
                   A        B        C        D        E       F      G
               +--------+--------+--------+--------+--------+-----+--------+
         Total |   2904 |   2855 |     49 |    702 |   1701 |   3 |  968.0 |
       Dungeon |   2904 |   2855 |     49 |    702 |   1701 |   3 |  968.0 |
               +--------+--------+--------+--------+--------+-----+--------+

Top non-repeatable levels by time:
     D:1: 1337 daAuts
     D:2: 895 daAuts
     D:3: 671 daAuts
